 Dungeon Crawl Stone Soup version 0.18-a0-717-g59c076b (webtiles) character file.

46 AnCiEnTIStOnEIBeAsT the Chopper (level 3, -2/23 HPs)
             Began as a Gargoyle Fighter on Dec 8, 2015.
             Slain by Sigmund
             ... wielding a +2 scythe of freezing
              (3 damage)
             ... on level 2 of the Dungeon.
             The game lasted 00:01:28 (711 turns).

AnCiEnTIStOnEIBeAsT the Chopper (Gargoyle Fighter)   Turns: 711, Time: 00:01:29

Health: -2/23      AC: 10    Str: 25    XL:     3   Next: 68%
Magic:  3/3        EV:  7    Int:  8    God:
Gold:   37         SH:  9    Dex:  9    Spells: 0 memorised, 2 levels left

rFire  . . .     SeeInvis .     a - +0 war axe
rCold  . . .     Clarity  .     b - +0 scale mail
rNeg   + . .     SustAt   .     c - +0 shield
rPois  ∞         Gourm    .     (no helmet)
rElec  +         Spirit   .     (no cloak)
rCorr  .         Dismiss  .     (no gloves)
rMut   .         Stasis   .     (no boots)
MR     .....                    (no amulet)
Stlth  ..........               (no ring)
                                (no ring)

@: mighty, not resistant to hostile enchantments, extremely unstealthy
A: negative energy resistance 1, electricity resistance, spit poison 2,
unbreathing, petrification resistance, rot immunity, AC +3
a: Spit Poison


You were on level 2 of the Dungeon.
You were not hungry.

You visited 1 branch of the dungeon, and saw 2 of its levels.

You collected 37 gold pieces.

Inventory:

Hand Weapons
 a - a +0 war axe (weapon)
Armour
 b - a +0 scale mail (worn)
 c - a +0 shield (worn)
Scrolls
 f - 2 scrolls of identify {unknown}
 i - a scroll of fear {unknown}
 k - a scroll of magic mapping {unknown}
 l - a scroll of teleportation {unknown}
 n - a scroll of enchant weapon {unknown}
Potions
 g - a potion of mutation
Comestibles
 e - 2 bread rations
 j - a chunk of flesh


   Skills:
 - Level 3.2 Fighting
 + Level 3.5 Axes
 - Level 3.2 Armour
 - Level 3.2 Shields


You had 2 spell levels left.
You didn't know any spells.

Dungeon Overview and Level Annotations

Branches:
Dungeon (2/15)

Altars:
The Shining One

Annotations:
D:2 Sigmund


Innate Abilities, Weirdness & Mutations

You are resistant to torment.
Your stone body is resilient (AC +3).
You are immune to poison.
You resist negative energy.
You are resistant to electric shocks.
You can survive without breathing.
You are immune to petrification.
You are immune to rotting.
You can spit poison.


Message History

You feel very mighty all of a sudden.
You hear some strange, mumbled words.
A puff of flame appears from out of thin air!
The puff of flame hits you!
You barely miss something. Something hits you but does no damage.
You closely miss something. Something hits you. Something freezes you.
You closely miss something. Something hits you but does no damage.
Your scale mail prevents you from hitting something.
Something hits you.
* * * LOW HITPOINT WARNING * * *
Something freezes you.
* * * LOW HITPOINT WARNING * * *
You slash something! Something hits you but does no damage.
Your shield prevents you from hitting something.
You hear some strange, mumbled words.
A puff of flame appears from out of thin air!
The puff of flame hits you!
* * * LOW HITPOINT WARNING * * *
You closely miss something. Something hits you.
You die...

#.........### #..#
##.......## ..#
##.....## ..#
#....## ... .<#+#
#w# ###.# #b#
###.####### #{#
#..........
#@######.....###.#
#............# #.#
########.....# #.#
#.#...# #.#
#.#######.#
#.........#
###########


You could see a worm and a bat.

Vanquished Creatures
  An adder (D:2)
  A gnoll (D:1)
  2 oozes (D:1)
  A giant gecko (D:1)
  A ball python (D:1)
  A giant cockroach (D:1)
  2 goblins
  A hobgoblin (D:1)
  3 kobolds (D:1)
  2 bats
  2 giant newts (D:1)
  5 rats (D:1)
22 creatures vanquished.

Notes
Turn   | Place    | Note
--------------------------------------------------------------
     0 | D:1      | AnCiEnTIStOnEIBeAsT the Gargoyle Fighter began the quest for the Orb.
     0 | D:1      | Reached XP level 1. HP: 14/14 MP: 1/1
   100 | D:1      | Reached XP level 2. HP: 17/19 MP: 2/2
   235 | D:1      | Reached XP level 3. HP: 15/23 MP: 3/3
   633 | D:2      | Found a glowing golden altar of the Shining One.
   693 | D:2      | Noticed Sigmund
   701 | D:2      | Gained mutation: You can spit weak poison. [potion of mutation]
   701 | D:2      | Gained mutation: You can spit poison. [potion of mutation]
   710 | D:2      | HP: 1/23 [something/puff of flame (3)]
   711 | D:2      | Slain by Sigmund

Vault maps used:
D:1:      dpeg_arrival_chambers_temple_mockup
D:2:      overflow_temple_1_default, first_bread, nrook_mini_backslash,
          hex_medium, uniq_sigmund

Action                   || total
-------------------------++-------
Melee: War axe           ||    98
  Use: Potion            ||     4
